 Dungeon Crawl Stone Soup version 0.19-a0-264-gaf32591 (webtiles) character file.

9 GlassEater the Grasshopper (level 2, 0/26 HPs)
             Began as a Naga Warper on May 25, 2016.
             Hit by a stone thrown by a goblin (3 damage)
             ... on level 1 of the Dungeon.
             The game lasted 00:01:13 (527 turns).

GlassEater the Grasshopper (Naga Warper)             Turns: 527, Time: 00:01:13

Health: 0/26       AC:  2    Str: 13    XL:     2   Next: 12%
Magic:  5/5        EV:  9    Int: 13    God:
Gold:   38         SH:  0    Dex: 10    Spells: 1 memorised, 4 levels left

rFire  . . .     SeeInvis +     a - +0 short sword
rCold  . . .     Gourm    .     b - +0 leather armour
rNeg   . . .     Faith    .     (no shield)
rPois  +         Spirit   .     (no helmet)
rElec  .         Dismiss  .     (no cloak)
rCorr  .         Reflect  .     (no gloves)
SustAt .         Harm     .     (no barding)
MR     .....                    (no amulet)
Stlth  ++........               (no ring)
                                (no ring)

@: very slow, not resistant to hostile enchantments, unstealthy
A: see invisible, deformed body, poison resistance, slowness 2, slow metabolism
1, spit poison 2, AC +0
a: Spit Poison


You were on level 1 of the Dungeon.
You were not hungry.

You visited 1 branch of the dungeon, and saw 1 of its levels.

You collected 38 gold pieces.

Inventory:

Hand Weapons
 a - a +0 short sword (weapon)
Missiles
 e - 5 tomahawks of dispersal (quivered)
Armour
 b - a +0 leather armour (worn)
Scrolls
 d - a scroll of blinking
 h - a scroll of teleportation {unknown}
Books
 c - a book of Spatial Translocations

   Spells                             Type                      Level
   a - Apportation                    Translocation                1
   b - Blink                          Translocation                2
   c - Shroud of Golubria             Charms/Translocation         2
   d - Portal Projectile              Translocation                3
   e - Teleport Other                 Translocation                3
   f - Passage of Golubria            Translocation                4
Comestibles
 f - a bread ration
 g - 3 chunks of flesh


   Skills:
 - Level 2.0 Fighting
 - Level 2.0 Short Blades
 - Level 0.8 Throwing
 - Level 0.7 Armour
 - Level 1.5 Dodging
 * Level 2.9 Stealth
 - Level 2.0 Spellcasting
 - Level 3.0 Translocations


You had 4 spell levels left.
You knew the following spells:

 Your Spells              Type           Power        Failure   Level  Hunger
a - Apportation           Tloc           #.........   12%         1    ##.....


Dungeon Overview and Level Annotations

Branches:
Dungeon (1/15)

Altars:


Innate Abilities, Weirdness & Mutations

You cannot wear boots.
Your serpentine skin is tough (AC +0).
You have supernaturally acute eyesight. (SInv)
Armour fits poorly on your strangely shaped body.
Your system is resistant to poisons. (rPois)
You cover ground very slowly.
You have a slow metabolism.
You can spit poison.


Message History

You kill the goblin!
You start resting.
A goblin comes into view. It is wielding a club.
The goblin shouts!
The goblin throws a stone.
The stone hits you.
* * * LOW HITPOINT WARNING * * *
The goblin throws a stone.
The stone closely misses you.
You see here a stone.
The goblin throws a stone.
The stone hits you but does no damage.
You see here a stone.
The goblin throws a stone.
The stone hits you but does no damage.
You see here a stone.
The goblin throws a stone.
The stone hits you but does no damage.
You see here a stone.
The goblin throws a stone.
The stone barely misses you.
You see here a stone.
The goblin throws a stone.
The stone hits you but does no damage.
You see here a stone.
The goblin throws a stone.
The stone hits you.
You die...

#.#####.# ##.....##
###.# #.#####.# ##...##
### #.# #.......# #....
..# #.# #.####### #.###
#.# #.# ##.#####
#.#####.# #.# .......#
##.#.....#####.#
##.###.#
####..............# #.#
#.#
##...........#######
#.###.###...#..@.....#
#............#(#.....#
######.###...##.#######
# #.# ##.###(# ######.#
### #.# #......# #(#
######## ######(### (.#
#.....g(.# ###
#.####(#.####


You could see a goblin.

Vanquished Creatures
  A giant gecko (D:1)
  A goblin (D:1)
  A hobgoblin (D:1)
  A quokka (D:1)
  A giant newt (D:1)
  A kobold (D:1)
  2 rats (D:1)
8 creatures vanquished.

Notes
Turn   | Place    | Note
--------------------------------------------------------------
     0 | D:1      | GlassEater the Naga Warper began the quest for the Orb.
     0 | D:1      | Reached XP level 1. HP: 19/19 MP: 3/3
    58 | D:1      | Reached skill level 1 in Stealth
   501 | D:1      | Reached XP level 2. HP: 2/26 MP: 5/5
   527 | D:1      | Hit by a stone thrown by a goblin

Vault maps used:
D:1:      shiori_shiawase

Skill      XL: |  1 |
---------------+----+-----
Stealth        | 2 |  2.9
Fighting       | |  2.0
Short Blades   | |  2.0
Throwing       | |  0.8
Armour         | |  0.7
Dodging        | |  1.5
Spellcasting   | |  2.0
Translocations | |  3.0

Action                   || total
-------------------------++-------
Melee: Short sword       ||    39
 Cast: Apportation       ||     1
 Stab: Sleeping          ||     2
Armor: Leather armour    ||     2
Dodge: Dodged            ||    20
